 Dungeon Crawl Stone Soup version 0.27-a0-906-g0a00ce863d (webtiles) character file.

Game seed: 8599531693720603420

21281 jestyr24 the Thaumaturge (level 12, -8/79 HPs)
             Began as a Djinni Fire Elementalist on Apr 7, 2021.
             Was a High Priest of Qazlal.
             Mangled by an efreet
             ... wielding a +3 scimitar of flaming
              (18 damage)
             ... in a Gauntlet.
             The game lasted 02:01:33 (19125 turns).

jestyr24 the Thaumaturge (DjFE)                    Turns: 19125, Time: 02:01:33

Health: -8/79      AC:  4    Str:  7    XL:     12   Next: 88%
Gold:   860        EV: 15    Int: 27    God:    Qazlal [*****.] SH: 13 Dex: 15

rFire    + + +     SeeInvis .   M - +3 scimitar (vamp)
rCold    . . .     Faith    .   N - +0 buckler {reflect}
rNeg     . . .     Spirit   .   z - +2 robe {Archmagi}
rPois    ∞         Reflect  +   P - +0 hat of Nufaroq {Stlth+}
rElec    +         Harm     .   (no cloak)
rCorr    +         Rampage  .   (no gloves)
Will     +....     NoTele   +   (boots unavailable)
Stlth    +.........             (no amulet)
HPRegen  0.23/turn              I - +6 ring of intelligence
MPRegen  0.00/turn              j - ring of wizardry

@: resistant, protected from fire, flying, repel missiles
A: fire resistance 2, cold vulnerability 1, float, innate caster, hp casting,
extra vitality 1
a: Renounce Religion, Upheaval, Elemental Force, Disaster Area


You were in a Gauntlet.
You worshipped Qazlal.
Qazlal was extremely pleased with you.
You visited 1 branch of the dungeon, and saw 12 of its levels.
You also visited: Ossuary and Gauntlet.

You collected 860 gold pieces.

Inventory:

Hand Weapons
 B - the +5 lajatang of Internal Strife {flame, rElec Will+ MP+9 Stlth+}
   (You took it off an orc on level 7 of the Dungeon)

   It has been specially enchanted to burn those struck by it, causing extra
   injury to most foes and up to half again as much damage against particularly
   susceptible opponents.
   Big, fiery blades are also staple armaments of hydra-hunters.
   It insulates you from electricity.
   It affects your magic capacity (+9).
   It increases your willpower.
   It makes you more stealthy.
 M - a +3 vampiric scimitar (weapon)
Missiles
 f - 14 boomerangs
 l - 20 poisoned darts
 m - 16 boomerangs of dispersal
 s - 5 javelins
 K - 3 throwing nets
 L - 4 silver boomerangs
Armour
 a - the +3 cloak of Sloth {rPois Str+5 Slay-6}
   (You found it in a Gauntlet)

   It affects your strength (+5).
   It affects your accuracy and damage with ranged weapons and melee attacks
   (-6).
   It protects you from poison.
 u - a +1 helmet
 x - the +7 ring mail "Net Lep" {-Cast rPois Str-4 Slay+5}
   (You found it on level 4 of the Dungeon)

   It affects your strength (-4).
   It affects your accuracy and damage with ranged weapons and melee attacks
   (+5).
   It protects you from poison.
   It prevents spellcasting.
 z - a +2 robe of the Archmagi (worn)
 H - +0 steam dragon scales
 N - a +0 buckler of reflection (worn)
 P - the +0 hat of Nufaroq (worn) {Stlth+}
   (You found it on level 11 of the Dungeon)

   It makes you more stealthy.
Jewellery
 e - an amulet of magic regeneration
 g - a +6 ring of dexterity
 j - a ring of wizardry (right hand)
 A - a ring of ice
 C - a ring of protection from cold
 G - a ring of protection from cold
 I - a +6 ring of intelligence (left hand)
 O - a ring of protection from cold
Wands
 h - a wand of random effects (18)
 p - a wand of digging (2)
 r - a wand of polymorph (5)
 v - a wand of paralysis (11)
 y - a wand of iceblast (17)
 E - a wand of acid (4)
Scrolls
 d - 3 scrolls of magic mapping
 q - a scroll of brand weapon
 t - 6 scrolls of teleportation
 w - a scroll of fear {unknown}
 D - a scroll of summoning
 F - 2 scrolls of silence
 J - 3 scrolls of identify
 Q - a scroll of enchant armour
Potions
 b - 5 potions of curing
 c - a potion of resistance
 i - 3 potions of invisibility
 k - 5 potions of haste
 n - 4 potions of brilliance
 o - 10 potions of ambrosia


   Skills:
 + Level 4.6 Fighting
 - Level 0.6 Short Blades
 * Level 6.0 Polearms
 - Level 0.1(4.0) Staves
 + Level 7.6 Dodging
 + Level 5.0 Stealth
 + Level 4.2 Shields
 + Level 13.8 Spellcasting


You had 8 spell levels left.
You knew the following spells:

 Your Spells              Type           Power      Damage    Failure   Level
a - Foxfire               Conj/Fire      100%       2x1d9     0%          1
b - Conjure Flame         Conj/Fire      96%        6-21      1%          3
c - Inner Flame           Hex/Fire       96%        N/A       1%          3
d - Sticky Flame          Conj/Fire      96%        2d11      1%          4
e - Fireball              Conj/Fire      48%        3d19      1%          5
f - Shock                 Conj/Air       100%       1d9       0%          1
g - Poisonous Vapours     Pois/Air       100%       N/A       0%          2
h - Ignite Poison         Fire/Tmut/Pois 96%        N/A       1%          3
i - Animate Armour        Summ/Erth      100%       N/A       1%          4
j - Cause Fear            Hex            48%        N/A       1%          4
Your spell library was empty.

Dungeon Overview and Level Annotations

Branches:
Dungeon (12/15)            Temple (0/1) D:5            Lair (0/6) D:11
    Orc (0/2) D:10        Ossuary (visited)         Gauntlet (1/1)

Altars:
Fedhas
Gozag
Makhleb
Nemelex Xobeh
Qazlal
Trog
Uskayaw
Vehumet
Wu Jian
Xom
Yredelemnul
Zin
The Shining One

Shops:
D:10 *

Annotations:
D:4 2 transporters, 12572944's ghost, amateur DrIE Gauntlet 8 transporters


Innate Abilities, Weirdness & Mutations

You are immune to poison.
Your flesh is very heat resistant. (rF++)
You are vulnerable to cold. (rC-)
You float through the air rather than walking.
You learn spells naturally, not from books.
Your magical power is your life essence.
You have superior vitality. (+4 HP)


Message History

The efreet gestures at you.
The bolt of fire is repelled.
You hit the efreet but do no damage.
The efreet is moderately wounded.
The efreet gestures at you. The bolt of fire misses you.
The efreet hits you with a +3 scimitar of flaming!
* * * LOW HITPOINT WARNING * * *
Your resistance to physical damage fades away.
You feel protected from fire.
You barely miss the efreet.
The efreet is moderately wounded.
You block the efreet's attack.
You hit the efreet.
The efreet is moderately wounded.
The efreet gestures at you.
The bolt of fire is repelled.
You block the efreet's attack.
You hit the efreet.
The efreet is heavily wounded.
The efreet gestures at you.
The fireball explodes!
The fireball engulfs you. You resist.
* * * LOW HITPOINT WARNING * * *
The fireball engulfs the efreet.
The efreet completely resists.
Unknown command.
You hit the efreet but do no damage.
The efreet is heavily wounded.
You block the efreet's attack.
You hit the efreet.
The efreet is heavily wounded.
The efreet gestures at you.
The fireball explodes!
The fireball engulfs you. You resist.
* * * LOW HITPOINT WARNING * * *
The fireball engulfs the efreet.
The efreet completely resists.
You block the efreet's attack.
You feel protected. The efreet closely misses you.
You hit the efreet.
The efreet is severely wounded.
The efreet hits you with a +3 scimitar of flaming!!
You die...

#...#..#...#..#...D#...#..#○..#..
.....#.#...#..[©wD.#...#..°†.....
.$©/[.##...#########...#...$©!...
########...............##########
.........8.....8.....8...........
..8................§§.......8....
§........#≈#########≈#...........
#§#≈#≈#≈####.....R.####≈#≈#§#≈#≈#
######### #..8.8@8..#############
#...©.§.©○..# .....§...☼...#
##.###.###.### # #. .# .. . .##
#. #. .# . #


You could see a four-headed hydra, a torpor snail and an efreet.

Vanquished Creatures
  Harold (D:11)
  Erica (D:11)
  5 two-headed ogres
  A fire crab (Gauntlet)
  A deep elf pyromancer (D:11)
  3 cyclopes (D:11)
  3 manticores
  Maggie (D:6)
  A queen bee (D:11)
  3 trolls
  Sigmund (D:4)
  2 meliai zombies (D:10)
  A vampire (D:10)
  2 wraiths (D:11)
  9 yaks
  Eustachio (D:5)
  A wyvern (D:10)
  2 fire bats (Gauntlet)
  3 fire elementals (Gauntlet)
  A steam dragon (D:7)
  3 wargs (D:11)
  3 hell hounds (Gauntlet)
  4 orc warriors
  A water moccasin (D:8)
  A sky beast (D:7)
  An ice beast (D:5)
  A hornet zombie (D:7)
  A black bear (D:6)
  2 necrophages (D:7)
  6 centaurs
  2 kobold brigands
  2 bullfrogs (D:7)
  2 scorpions (D:5)
  A water moccasin skeleton (D:5)
  41 killer bees
  9 wights (D:8)
  5 howler monkeys (D:10)
  14 centaur zombies
  3 human zombies (Ossuary)
  3 hounds (D:6)
  2 centaur skeletons
  2 gnoll shamans
  7 orc priests
  2 bullfrog skeletons
  A jelly (D:8)
  An iguana (D:6)
  Ijyb (D:3)
  Terence (D:2)
  7 orc wizards
  A killer bee zombie (D:6)
  5 mummies
  5 howler monkey zombies
  8 gnolls
  4 adders
  4 white imps
  An ufetubus (D:6)
  An adder skeleton (D:5)
  2 adder zombies (Ossuary)
  3 dart slugs
  37 orcs
  9 endoplasms
  3 giant cockroaches
  5 goblins
  8 hobgoblins
  5 jackals
  14 kobolds
  7 quokkas
  3 ball pythons
  7 bats
  5 frilled lizards
  3 goblin zombies
  2 hobgoblin zombies (Ossuary)
  A jackal zombie (Ossuary)
  4 rats
  3 rat zombies (Ossuary)
  4 foxfires
326 creatures vanquished.

Vanquished Creatures (others)
  24 demonic plants (Gauntlet)
  384 foxfires
  7 plants (D:2)
415 creatures vanquished.

Grand Total: 741 creatures vanquished

Notes
Turn   | Place    | Note
-------+----------+-------------------------------------------
     0 | D:1      | jestyr24 the Djinni Fire Elementalist began the quest for
                  | the Orb.
     0 | D:1      | Reached XP level 1. HP: 15/15 MP: 0/0
   174 | D:1      | Reached skill level 3 in Spellcasting
   174 | D:1      | Reached XP level 2. HP: 17/21 MP: 0/0
   306 | D:1      | Found a faded altar of an unknown god.
   493 | D:1      | Became a worshipper of Qazlal Stormbringer
   493 | D:1      | Reached * piety under Qazlal
   830 | D:1      | Reached XP level 3. HP: 24/25 MP: 0/0
   830 | D:1      | Learned a level 1 spell: Shock
  1919 | D:2      | Reached ** piety under Qazlal
  2264 | D:2      | Reached XP level 4. HP: 21/31 MP: 0/0
  2472 | D:2      | Noticed Terence
  2475 | D:2      | Killed Terence
  2994 | D:3      | Found a stormy altar of Qazlal.
  2995 | D:3      | Noticed an air elemental
  2996 | D:3      | Noticed an earth elemental
  2997 | D:3      | Noticed a fire elemental
  2997 | D:3      | Noticed a water elemental
  3486 | D:3      | Found a shimmering altar of Xom.
  3486 | D:3      | Noticed Ijyb
  3488 | D:3      | Found a hide-covered altar of Uskayaw.
  3518 | D:3      | Killed Ijyb
  3519 | D:3      | Reached skill level 4 in Spellcasting
  3519 | D:3      | Reached XP level 5. HP: 6/35 MP: 0/0
  3519 | D:3      | Learned a level 2 spell: Poisonous Vapours
  3905 | D:3      | Found a burning altar of Makhleb.
  4152 | D:4      | Found a transporter.
  4155 | D:4      | Noticed 12572944's ghost (amateur DrIE)
  4156 | D:4      | Identified the +7 ring mail "Net Lep" {-Cast rPois Str-4
                  | Slay+5}
  4194 | D:4      | Found a transporter.
  4543 | D:4      | Noticed Sigmund
  4551 | D:4      | Killed Sigmund
  4552 | D:4      | Reached XP level 6. HP: 30/41 MP: 0/0
  5065 | D:5      | Entered Level 5 of the Dungeon
  5170 | D:5      | Found a staircase to the Ecumenical Temple.
  5173 | D:5      | Reached skill level 5 in Spellcasting
  5220 | D:5      | Noticed Eustachio
  5222 | D:5      | Killed Eustachio
  5223 | D:5      | Reached XP level 7. HP: 34/46 MP: 0/0
  5223 | D:5      | Learned a level 3 spell: Ignite Poison
  5711 | D:5      | Reached skill level 6 in Spellcasting
  5764 | D:5      | Found an ornate altar of the Wu Jian Council.
  6258 | D:5      | Reached XP level 8. HP: 49/51 MP: 0/0
  6624 | D:6      | Found a sparkling altar of Nemelex Xobeh.
  6725 | D:6      | Reached skill level 1 in Shields
  6770 | D:6      | Noticed Maggie
  6783 | D:6      | Killed Maggie
  6784 | D:6      | Reached skill level 1 in Fighting
  6784 | D:6      | Reached skill level 7 in Spellcasting
  6834 | D:6      | Found a sand-covered staircase.
  6956 | Ossuary  | Entered an ossuary
  6965 | Ossuary  | Reached *** piety under Qazlal
  6978 | Ossuary  | Reached skill level 1 in Polearms
  7773 | D:6      | Found a glowing golden altar of the Shining One.
  7793 | D:6      | Reached XP level 9. HP: 34/58 MP: 0/0
  7793 | D:6      | Learned a level 4 spell: Animate Armour
  8506 | D:7      | Reached skill level 8 in Spellcasting
  8696 | D:7      | Reached skill level 5 in Dodging
  9183 | D:7      | Reached **** piety under Qazlal
  9425 | D:7      | Reached skill level 9 in Spellcasting
  9781 | D:7      | Identified the +5 lajatang of Internal Strife {flame, rElec
                  | Will+ MP+9 Stlth+}
 10224 | D:8      | Reached XP level 10. HP: 27/65 MP: 0/0
 10225 | D:8      | Reached skill level 10 in Spellcasting
 11365 | D:8      | Identified Fizuq's Incunabulum of Evil
 11431 | D:8      | Reached ***** piety under Qazlal
 12357 | D:9      | Found a blossoming altar of Fedhas.
 12745 | D:9      | Noticed a two-headed ogre
 12748 | D:9      | Killed a two-headed ogre
 13188 | D:9      | Found an opulent altar of Gozag.
 13276 | D:10     | Entered Level 10 of the Dungeon
 13281 | D:10     | Reached skill level 11 in Spellcasting
 13427 | D:10     | Found a staircase to the Orcish Mines.
 13526 | D:10     | Reached XP level 11. HP: 57/71 MP: 0/0
 13526 | D:10     | Learned a level 4 spell: Cause Fear
 13811 | D:10     | Found a bloodstained altar of Trog.
 13874 | D:10     | Found a glowing silver altar of Zin.
 13874 | D:10     | Found Zin's Purification Station.
 14376 | D:10     | Found a basalt altar of Yredelemnul.
 14977 | D:10     | Reached skill level 12 in Spellcasting
 15371 | D:10     | Noticed a two-headed ogre
 15382 | D:10     | Killed a two-headed ogre
 15941 | D:11     | Noticed a cyclops
 15945 | D:11     | Killed a cyclops
 16072 | D:11     | Noticed Harold
 16076 | D:11     | Killed Harold
 16438 | D:11     | Noticed a cyclops
 16451 | D:11     | Killed a cyclops
 16652 | D:11     | Found a staircase to the Lair.
 16655 | D:11     | Noticed a manticore
 16658 | D:11     | Killed a manticore
 16767 | D:11     | Identified the +0 hat of Nufaroq {Stlth+}
 16827 | D:11     | Noticed a two-headed ogre
 16830 | D:11     | Killed a two-headed ogre
 16831 | D:11     | Reached XP level 12. HP: 64/78 MP: 0/0
 16907 | D:11     | Reached skill level 5 in Polearms
 16914 | D:11     | Reached skill level 13 in Spellcasting
 17387 | D:11     | Reached skill level 5 in Stealth
 17861 | D:11     | Noticed Erica
 17865 | D:11     | Killed Erica
 18282 | D:12     | Noticed a two-headed ogre
 18285 | D:12     | Killed a two-headed ogre
 18285 | D:12     | Noticed a two-headed ogre
 18289 | D:12     | Killed a two-headed ogre
 18326 | D:12     | Found a gate leading to a gauntlet.
 18331 | Gauntlet | Entered a Gauntlet
 18331 | Gauntlet | Found a transporter.
 18334 | Gauntlet | Found a transporter.
 18335 | Gauntlet | Found a transporter.
 18336 | Gauntlet | Found a transporter.
 18336 | Gauntlet | Noticed a two-headed ogre
 18336 | Gauntlet | a two-headed ogre changed into a torpor snail
 18339 | Gauntlet | Found a transporter.
 18340 | Gauntlet | Found a transporter.
 18345 | Gauntlet | Noticed a shock serpent
 18345 | Gauntlet | a torpor snail changed into a shock serpent
 18346 | Gauntlet | a shock serpent changed into a sea snake
 18364 | Gauntlet | Noticed a four-headed hydra
 18392 | Gauntlet | Noticed a spark wasp
 18392 | Gauntlet | a moth of wrath changed into a spark wasp
 18401 | Gauntlet | a spark wasp changed into a goliath frog
 18453 | Gauntlet | Found a transporter.
 18456 | Gauntlet | Found a transporter.
 18511 | Gauntlet | Noticed an anaconda
 18516 | Gauntlet | Noticed an ettin
 18516 | Gauntlet | an anaconda changed into an ettin
 18518 | Gauntlet | Noticed a quicksilver ooze
 18518 | Gauntlet | an ettin changed into a quicksilver ooze
 18521 | Gauntlet | a quicksilver ooze changed into a tyrant leech
 18524 | Gauntlet | Noticed an entropy weaver
 18524 | Gauntlet | a tyrant leech changed into an entropy weaver
 18525 | Gauntlet | Noticed a boulder beetle
 18525 | Gauntlet | an entropy weaver changed into a boulder beetle
 18526 | Gauntlet | Found a transporter.
 18527 | Gauntlet | Found a transporter.
 18530 | Gauntlet | Noticed a quicksilver ooze
 18531 | Gauntlet | Found a transporter.
 18534 | Gauntlet | Noticed a minotaur
 18534 | Gauntlet | a quicksilver ooze changed into a minotaur
 18535 | Gauntlet | a minotaur changed into something unseen
 18537 | Gauntlet | Noticed an ettin
 18539 | Gauntlet | Noticed a great orb of eyes
 18539 | Gauntlet | an ettin changed into a great orb of eyes
 18541 | Gauntlet | Found a transporter.
 18600 | Gauntlet | Noticed a sphinx
 18619 | Gauntlet | Identified the +3 cloak of Sloth {rPois Str+5 Slay-6}
 19125 | Gauntlet | Mangled by an efreet

Illustrated notes

Levels and vault maps discovered:
D:1:      heliophobic_arrival_henge, layout_basic,
          chequers_ecumenical_altar_simple, serial_co_window_serial,
          co_window_of_opportunity_a, co_window_paths_a, co_window_corner_a,
          co_window_paths_a, co_window_corner_a, co_window_corner_cb,
          co_window_2corner, co_window_broadway_c, co_window_cross_4,
          co_window_paths_d, glass_columns_b, minmay_tripent
D:2:      layout_rooms, wad_woods_river_04, uniq_terence
D:3:      wad_pebble_path, layout_loops_ring, nicolae_qazlal_style_of_elements,
          lemuel_coloured_pillars_altar, grunt_temple_overflow_open, uniq_ijyb
D:4:      layout_layer_cave, gammafunk_ghost_stat_death, uniq_sigmund
D:5:      layout_rooms, marbit_many_paths, minmay_temple_entry_crystal_x,
          supply_closet_lemuel, grunt_ministairs_13, uniq_eustachio
D:6:      layout_basic, amcnicky_altar_gilded, lemuel_tele_altar,
          nicolae_ossuary_entry_giza, minmay_unpleasant_kobolds, uniq_maggie
D:7:      layout_gridville, minmay_misc_feat_pillars
D:8:      layout_basic
D:9:      layout_stronghold, kennysheep_mini_moat, lemuel_crystal_altar
D:10:     kennysheep_spiral_hall, layout_small_grid,
          nicolae_yredelemnul_corpse_copse, zin_purify,
          gammafunk_temple_overflow_elements, orc_0_dummy,
          chequers_serial_rivers_micro_b, kennysheep_doodads,
          kennysheep_generic_room_12
D:11:     layout_roguey [special_room_bee], erik_lair_orcish_takeover,
          grunt_ministairs_10, uniq_erica, uniq_harold
D:12:     layout_irregular_city, ebering_ghost_inner_flame,
          gauntlet_entry_generic
Gauntlet: minmay_gauntlet_mixed_oops_all_seconds
          [minmay_gauntlet_arena_77_checkered,
          gammafunk_gauntlet_arena_split_diamond, minmay_gauntlet_arena_77_mess,
          gammafunk_gauntlet_arena_hedges,
          minmay_gauntlet_arena_77_double_cross, nicolae_gauntlet_arena_x,
          gauntlet_exit_watery]

Skill      XL: |  1  2  3  4  5  6  7  8  9 10 11 12 |
---------------+-------------------------------------+-----
Spellcasting   | 3 4 5 6 7 9 11 12 13 | 13.8
Stealth        | 2 3 4 5 |  5.0
Dodging        | 3 4 5 6 7 |  7.6
Shields        | 1 2 3 4 |  4.2
Fighting       | 2 3 4 |  4.6
Polearms       | 1 3 4 6 |  6.0
Short Blades   | |  0.6
Staves         | |  0.1

Action                   |  1- 3 |  4- 6 |  7- 9 | 10-12 || total
-------------------------+-------+-------+-------+-------++-------
Melee: Unarmed           |     5 |       |       |       ||     5
       Short sword       |     9 |     6 |    13 |       ||    28
       Trident           |       |       |    29 |       ||    29
       Lajatang          |       |       |     2 |    20 ||    22
       Scimitar          |       |       |       |    51 ||    51
 Cast: Foxfire           |    56 |    46 |    84 |    51 ||   237
       Shock             |    20 |     9 |    23 |    19 ||    71
       Inner Flame       |     2 |     9 |    31 |    46 ||    88
       Conjure Flame     |       |     3 |     4 |       ||     7
       Poisonous Vapours |       |       |    22 |       ||    22
       Ignite Poison     |       |       |     4 |       ||     4
       Sticky Flame      |       |       |     8 |    27 ||    35
       Fireball          |       |       |    13 |    92 ||   105
       Animate Armour    |       |       |     1 |       ||     1
       Cause Fear        |       |       |       |     6 ||     6
  Use: Scroll            |       |     7 |     9 |     7 ||    23
       Potion            |       |       |     4 |     7 ||    11
Armor: Robe              |     4 |     2 |    25 |    35 ||    66
Dodge: Dodged            |    16 |    17 |    85 |   138 ||   256
       Repelled          |       |       |       |     3 ||     3
Block: Other             |     2 |     2 |    26 |    17 ||    47
       Buckler           |       |       |       |    90 ||    90
       Reflection        |       |       |       |     2 ||     2
       Rpst.: Scimitar   |       |       |       |    25 ||    25

Table legend: (Time is in decaauts)
 A = Elapsed time spent in this place.
 B = Non-inter-level travel time spent in this place.
 C = Inter-level travel time spent in this place.
 D = Time resting spent in this place.
 E = Time spent auto-exploring this place.
 F = Levels seen in this place.
 G = Mean time per level.
                   A        B        C        D        E       F      G
               +--------+--------+--------+--------+--------+-----+--------+
         Total |  19126 |  18935 |    191 |   8588 |   7421 |  14 | 1366.1 |
       Dungeon |  18028 |  17837 |    191 |   8053 |   7246 |  12 | 1502.3 |
       Ossuary |    303 |    303 |      0 |    123 |     78 |   1 |  303.0 |
      Gauntlet |    794 |    794 |      0 |    411 |     97 |   1 |  794.0 |
               +--------+--------+--------+--------+--------+-----+--------+

Top non-repeatable levels by time:
    D:10: 2871 daAuts
    D:11: 2122 daAuts
     D:6: 2049 daAuts
     D:7: 1896 daAuts
     D:1: 1625 daAuts
     D:9: 1492 daAuts
     D:2: 1367 daAuts
     D:4: 1342 daAuts
     D:3: 1137 daAuts
     D:8: 1081 daAuts
     D:5: 980 daAuts
Gauntlet: 794 daAuts
 Ossuary: 303 daAuts
    D:12: 61 daAuts
